 Dungeon Crawl Stone Soup version 0.30-a0-1160-g6e42c06551 (webtiles) character file.

Game seed: 14296455521136283614

56 qeuew the Grave Robber (level 3, -2/19 HPs)
             Began as a Vampire Necromancer on Apr 26, 2023.
             Slain by a worm (10 damage)
             ... on level 3 of the Dungeon.
             The game lasted 00:02:31 (2379 turns).

qeuew the Grave Robber (Vampire Necromancer)        Turns: 2379, Time: 00:02:31

Health: -2/19      AC:  2    Str: 13    XL:     3   Next: 69%
Magic:  1/6        EV: 17    Int: 19    God:
Gold:   105        SH:  0    Dex: 14    Spells: 6/7 levels left

rFire   . . .        i - +0 dagger
rCold   + + .        (no shield)
rNeg    + + +        a - +0 robe
rPois   ∞            (no helmet)
rElec   .            (no cloak)
rCorr   .            (no gloves)
SInv    +            (no boots)
Will    .....        (no amulet)
Stlth   +++++        f - +5 ring of evasion
HPRegen 0.00/turn    d - +6 ring of strength
MPRegen 0.10/turn

%: no passive effects
@: bloodless, inhibited regen
A: bloodless, fangs 3, see invisible, vampiric 2
a: Bat Form, Revivify


You were on level 3 of the Dungeon.
You visited 1 branch of the dungeon, and saw 3 of its levels.

You collected 105 gold pieces.

Inventory:

Hand Weapons
 i - a +0 dagger (weapon)
Armour
 a - a +0 robe (worn)
Jewellery
 d - a +6 ring of strength (right hand)
 f - a +5 ring of evasion (left hand)
Potions
 b - a potion of magic
 c - a potion of mutation {unknown}
 g - a potion of resistance


   Skills:
 + Level 0.1 Fighting
 + Level 0.0 Short Blades
 + Level 2.8 Dodging
 + Level 4.2 Stealth
 + Level 2.5 Spellcasting
 * Level 4.8 Necromancy


You had 6 spell levels left.
You knew the following spells:

 Your Spells              Type           Power      Damage    Failure   Level
a - Necrotise             Necr           80%        1d8       2%          1

Your spell library contained the following spells:

 Spells                   Type           Power      Damage    Failure   Level
 Sublimation of Blood     Necr           20%        N/A       3%          2
 Vampiric Draining        Necr           20%        2d7       7%          3
 Animate Dead             Necr           20%        N/A       22%         4
 Agony                    Necr           20%        N/A       52%         5
 Petrify                  Tmut/Erth      2%         N/A       85%         4
 Irradiate                Conj/Tmut      1%         3d12      99%         5


Dungeon Overview and Level Annotations

Branches:
Dungeon (3/15)

Altars:


Innate Abilities, Weirdness & Mutations

You do not regenerate when monsters are visible.
You are frail without blood (-20% HP).
You can heal yourself when you bite living creatures.
You are immune to poison.
You have razor-sharp teeth.
You have supernaturally acute eyesight. (SInv)
You are afflicted with vampirism and can become a bat while bloodless.


Message History

No target in view!
No target in view!
A worm is nearby!
The worm writhes in agony.
A worm is nearby!
The worm writhes in agony.
Your goblin skeleton crumbles into dust!
A worm is nearby!
The worm writhes in agony.
The worm barely misses you.
A worm is nearby!
You completely miss the worm.
The worm is severely wounded.
The worm closely misses you.
The worm barely resists.
A worm is nearby!
You hit the worm.
The worm is severely wounded.
The worm bites you!
The worm writhes in agony.
A worm is nearby!
You completely miss the worm.
The worm is almost dead.
The worm bites you.
You are too injured to fight recklessly!
A worm is nearby!
You are too injured to fight recklessly!
You are too injured to fight recklessly!
A worm is nearby!
You are too injured to fight recklessly!
You are too injured to fight recklessly!
A worm is nearby!
You are too injured to fight recklessly!
You are too injured to fight recklessly!
You are too injured to fight recklessly!
You are too injured to fight recklessly!
You hit the worm.
The worm is almost dead.
The worm bites you!
Ouch! That really hurt!
You die...

#...# #...# #...#
#...# #...# # #
#...# ..
####.########...#.#
..................#
#w@........###
#............#
#.......##.)....#
#.......##........#
#.......##.....####
.........##.....#
.........!.......#
###.......##.....#
....... #...##


You could see a worm.

Vanquished Creatures
  An adder (D:2)
  2 dart slugs
  A ball python (D:2)
  5 endoplasms
  2 giant cockroaches (D:1)
  5 hobgoblins (D:2)
  2 jackals (D:1)
  A kobold (D:1)
  8 bats
  2 frilled lizards (D:2)
  5 goblins
  A rat (D:1)
35 creatures vanquished.

Vanquished Creatures (collateral kills)
  2 jackals (D:1)
2 creatures vanquished.

Grand Total: 37 creatures vanquished

Notes
Turn   | Place    | Note
-------+----------+-------------------------------------------
     0 | D:1      | qeuew the Vampire Necromancer began the quest for the Orb.
     0 | D:1      | Reached XP level 1. HP: 13/13 MP: 3/3
   582 | D:1      | Reached XP level 2. HP: 19/19 MP: 3/5
  1220 | D:2      | Gained mutation: You are afflicted with vampirism and can
                  | become a bat while bloodless. [Vampire growth]
  1220 | D:2      | Reached XP level 3. HP: 24/24 MP: 4/6
  2379 | D:3      | Slain by a worm

Illustrated notes

Levels and vault maps discovered:
D:1:      nzn_arrival_crosshair, layout_basic
D:2:      layout_basic, kennysheep_cross_room
D:3:      layout_loops_cross

Skill      XL: |  1  2  3 |
---------------+----------+-----
Stealth        | 4 |  4.2
Fighting       | |  0.1
Dodging        | |  2.8
Spellcasting   | |  2.5
Necromancy     | |  4.8

Action                     || total
---------------------------++-------
  Melee: Unarmed           ||    27
         Punch             ||     1
         Bite              ||     1
         Dagger            ||     4
   Cast: Necrotise         ||    61
Ability: Exsanguinate      ||     1
    Use: Scroll            ||     4
         Potion            ||     3
 Armour: Robe              ||     9
  Dodge: Dodged            ||    33

Table legend: (Time is in decaauts)
 A = Elapsed time spent in this place.
 B = Non-inter-level travel time spent in this place.
 C = Inter-level travel time spent in this place.
 D = Time resting spent in this place.
 E = Time spent auto-exploring this place.
 F = Levels seen in this place.
 G = Mean time per level.
                   A        B        C        D        E       F      G
               +--------+--------+--------+--------+--------+-----+--------+
         Total |   2378 |   2216 |    162 |      0 |   1978 |   3 |  792.7 |
       Dungeon |   2378 |   2216 |    162 |      0 |   1978 |   3 |  792.7 |
               +--------+--------+--------+--------+--------+-----+--------+

Top non-repeatable levels by time:
     D:1: 1127 daAuts
     D:2: 1061 daAuts
     D:3: 189 daAuts
